 Dungeon Crawl Stone Soup version 0.27.1-33-g824d729ab1 (webtiles) character file.

Game seed: 16615299994043197860

36 sking99 the Ruffian (level 3, -2/29 HPs)
             Began as a Draconian Transmuter on Dec 8, 2021.
             Frozen to death by an endoplasm (5 damage)
             ... on level 2 of the Dungeon.
             The game lasted 00:01:55 (1024 turns).

sking99 the Ruffian (Draconian Transmuter)          Turns: 1024, Time: 00:01:56

Health: -2/29      AC:  5    Str: 13    XL:     3   Next: 19%
Magic:  6/6        EV: 12    Int: 13    God:
Gold:   33         SH:  0    Dex: 11    Spells: 3/6 levels left

rFire    . . .     SeeInvis .     - Unarmed
rCold    . . .     Faith    .   (no shield)
rNeg     . . .     Spirit   .   (armour unavailable)
rPois    .         Reflect  .   (helmet restricted)
rElec    .         Harm     .   (no cloak)
rCorr    .         Rampage  .   (no gloves)
Will     .....                  (no boots)
Stlth    +.........             (no amulet)
HPRegen  0.09/turn              (no ring)
MPRegen  0.10/turn              (no ring)

@: no status effects
A: AC +5, unfitting armour, cold-blooded
a: no special abilities


You were on level 2 of the Dungeon.
You visited 1 branch of the dungeon, and saw 2 of its levels.

You collected 33 gold pieces.

Inventory:

Jewellery
 d - a ring of fire
Scrolls
 a - a scroll of brand weapon {unknown}
 b - a scroll of immolation {unknown}
 c - a scroll of fog {unknown}
 e - a scroll of blinking {unknown}
 f - 2 scrolls of identify {unknown}


   Skills:
 - Level 2.0 Fighting
 - Level 1.7 Dodging
 - Level 3.9 Unarmed Combat
 - Level 2.0 Spellcasting
 + Level 2.1 Transmutations


You had 3 spell levels left.
You knew the following spells:

 Your Spells              Type           Power      Damage    Failure   Level
a - Beastly Appendage     Tmut           12%        N/A       11%         1
b - Wereblood             Tmut           6%         N/A       16%         2

Your spell library contained the following spells:

 Spells                   Type           Power      Damage    Failure   Level
 Spider Form              Tmut/Pois      2%         N/A       43%         3
 Ice Form                 Ice/Tmut       4%         N/A       85%         4


Dungeon Overview and Level Annotations

Branches:
Dungeon (2/15)

Altars:


Innate Abilities, Weirdness & Mutations

Your plain brown scales are hard. (AC +5)
You cannot fit into any form of body armour.
You are cold-blooded and may be slowed by cold attacks.


Message History

The adder poisons you! The endoplasm freezes you.
You are frozen.
You barely miss the adder.
Your tail-slap misses the adder.
The adder is moderately wounded.
You feel sick. The adder misses you. The endoplasm freezes you.
You are frozen.
You feel yourself slow down.
You barely miss the adder.
The adder is moderately wounded.
You feel sick. The adder bites you but does no damage.
The endoplasm freezes you.
You are frozen.
The adder misses you.
You hit the adder. You tail-slap the adder.
The adder is severely wounded.
You feel sick. The adder closely misses you.
The endoplasm hits you but does no damage.
The adder misses you.
You closely miss the adder.
The adder is severely wounded.
You feel yourself speed up.
You feel sick.
The endoplasm hits you but does no damage.
The adder bites you but does no damage. The endoplasm freezes you.
You are frozen.
The adder bites you.
* * * LOW HITPOINT WARNING * * *
You hit the adder.
The adder is almost dead.
The adder misses you. The endoplasm freezes you.
You are frozen.
* * * LOW HITPOINT WARNING * * *
You hit the adder.
You kill the adder!
You feel sick.
You are no longer poisoned.
The endoplasm freezes you.
You are frozen.
You die...

..................P<....
................<...)...
........#...............
........................
...................#....
##.#...#...........####.
#............###..# .
.#.......#...## #.(.
.......@...#.# #.#.
#......J...#.#
##........## #
#.........# ...........#
............
.............
......#.......


You could see an endoplasm.

Vanquished Creatures
  An adder (D:2)
  A dart slug (D:1)
  3 bats (D:1)
  4 endoplasms (D:1)
  A giant cockroach (D:1)
  2 goblins (D:1)
  2 hobgoblins (D:1)
  8 kobolds
  A quokka (D:1)
  3 ball pythons
  2 frilled lizards (D:1)
  9 rats
37 creatures vanquished.

Notes
Turn   | Place    | Note
-------+----------+-------------------------------------------
     0 | D:1      | sking99 the Draconian Transmuter began the quest for the
                  | Orb.
     0 | D:1      | Reached XP level 1. HP: 16/16 MP: 3/3
   204 | D:1      | Reached XP level 2. HP: 21/23 MP: 5/5
   832 | D:1      | Reached XP level 3. HP: 28/29 MP: 4/6
   852 | D:1      | Learned a level 2 spell: Wereblood
  1024 | D:2      | Frozen to death by an endoplasm

Illustrated notes

Levels and vault maps discovered:
D:1:      dpeg_arrival_ratfight, layout_basic, minmay_small_reverse_x
D:2:      layout_rooms, serial_forest, infiniplex_forest_split,
          infiniplex_forest_corner_1, infiniplex_forest_clump_medium,
          infiniplex_forest_clump_large, infiniplex_forest_clump_long,
          uniq_jessica

Skill      XL: |  1  2 |
---------------+-------+-----
Fighting       | 2 |  2.0
Dodging        | |  1.7
Unarmed Combat | |  3.9
Spellcasting   | |  2.0
Transmutations | |  2.1

Action                   || total
-------------------------++-------
Melee: Unarmed           ||   116
       Tailslap          ||    11
       Punch             ||     2
       Kick              ||     1
       Headbutt          ||     1
 Cast: Beastly Appendage ||     1
Armor: Skin              ||    31
Dodge: Dodged            ||    79
